 Dungeon Crawl Stone Soup version 0.22.1-1-ga44c0e56f4 (webtiles) character file.

14436 Cykl0x the Cleaver (level 12, -7/74 HPs)
             Began as a Gargoyle Fighter on Oct 28, 2018.
             Was a High Priest of Okawaru.
             Mangled by an orc warrior
             ... wielding a +0 halberd
              (20 damage)
             ... on level 2 of the Orcish Mines.
             The game lasted 00:48:00 (10525 turns).

Cykl0x the Cleaver (Gargoyle Fighter)              Turns: 10525, Time: 00:48:08

Health: -7/74      AC: 24    Str: 24    XL:     12   Next: 16%
Magic:  12/12      EV:  7    Int: 10    God:    Okawaru [*****.]
Gold:   362        SH: 16    Dex: 13    Spells: 11/11 levels left

rFire    + . .     SeeInvis +   t - +4 war axe (freeze)
rCold    . . .     Gourm    .   c - +4 shield
rNeg     + . .     Faith    .   K - +1 plate armour of Jexzadd {Str+2 Slay+2}
rPois    ∞         Spirit   .   (no helmet)
rElec    +         Reflect  .   (no cloak)
rCorr    .         Harm     +   k - +0 pair of gloves
MR       .....                  (no boots)
Stlth    ..........             p - amulet of harm
HPRegen  0.22/turn              v - ring of protection from fire
MPRegen  0.13/turn              j - ring of see invisible

@: no status effects
A: talons 1, negative energy resistance 1, electricity resistance, strong 1,
unbreathing, petrification resistance, rot immunity, AC +8
a: Heroism, Finesse, Renounce Religion


You were on level 2 of the Orcish Mines.
You worshipped Okawaru.
Okawaru was extremely pleased with you.
You were not hungry.

You visited 3 branches of the dungeon, and saw 15 of its levels.
You visited 1 bazaar.
You also visited: Ossuary.

You collected 810 gold pieces.
You spent 448 gold pieces at shops.

Inventory:

Hand Weapons
 t - a +4 war axe of freezing (weapon)
Missiles
 q - 21 tomahawks
 y - 2 exploding tomahawks (quivered)
 H - 13 tomahawks of returning
Armour
 a - +0 acid dragon scales
 c - a +4 shield (worn)
 k - a +0 pair of gloves (worn)
 K - the +1 plate armour of Jexzadd (worn) {Str+2 Slay+2}
   (You bought it in a shop in a bazaar)

   It affects your strength (+2).
   It affects your accuracy and damage with ranged weapons and melee attacks
   (+2).
Jewellery
 j - a ring of see invisible (right hand)
 p - an amulet of harm (around neck)
 v - a ring of protection from fire (left hand)
 I - a +3 amulet of reflection
Wands
 b - a wand of acid (1)
 s - a wand of scattershot (6)
 C - a wand of polymorph (12)
 E - a wand of iceblast (6)
Scrolls
 l - 4 scrolls of teleportation
 x - a scroll of fear
 D - 5 scrolls of remove curse
 O - a scroll of amnesia
Potions
 g - 2 potions of resistance
 h - 2 potions of agility
 i - 3 potions of haste
 m - 2 potions of invisibility
 o - 2 potions of cancellation
 r - a potion of lignification
 w - a potion of brilliance {unknown}
 z - a potion of magic {unknown}
 A - 2 potions of might
 B - a potion of flight {unknown}
 M - 2 potions of berserk rage {unknown}
Comestibles
 f - 21 rations
 n - 10 chunks of flesh


   Skills:
 + Level 8.2 Fighting
 + Level 12.2 Axes
 + Level 4.0 Throwing
 + Level 7.0 Armour
 + Level 2.1 Dodging
 + Level 1.5 Stealth
 + Level 10.7 Shields
 + Level 0.2 Invocations
 + Level 0.3 Evocations


You had 11 spell levels left.
You didn't know any spells.
Your spell library contained the following spells:

 Spells                   Type           Power        Failure   Level  Hunger
 Sandblast                Erth           #.....       100%        1    ##.....
 Passwall                 Tmut/Erth      #.......     100%        2    ###....
 Stone Arrow              Conj/Erth      #.....       100%        3    ####...
 Petrify                  Tmut/Erth      #.......     100%        4    #####..
 Lee's Rapid Deconstruct  Erth           #.........   100%        5    ######.


Dungeon Overview and Level Annotations

Branches:
Dungeon (12/15)            Temple (1/1) D:5            Lair (0/6) D:9
    Orc (2/2) D:12
    Elf: Orc:2

Altars:
Ashenzari
Cheibriados
Dithmenos
Elyvilon
Fedhas
Gozag
Hepliaklqana
Kikubaaqudgha
Makhleb
Nemelex Xobeh
Okawaru
Qazlal
Ru
Sif Muna
Trog
Uskayaw
Vehumet
Wu Jian
Xom
Yredelemnul
Zin
The Shining One

Shops:
D:5 (   D:8 }   D:12 [


Innate Abilities, Weirdness & Mutations

You are resistant to torment.
Your stone body is resilient. (AC +8)
You are immune to poison.
You resist negative energy. (rN+)
You are resistant to electric shocks. (rElec)
You can survive without breathing.
You are immune to petrification.
You are immune to rotting.
You have sharp toenails.
Your muscles are strong. (Str +2)


Message History

The orc goes into a battle-frenzy!
The orc unwields an uncursed trident.
The orc wields an arbalest.
The orc shoots a bolt.
The bolt hits you but does no damage.
The orc warrior shoots a bolt.
The bolt hits you!
* * * LOW HITPOINT WARNING * * *
You see here 2 bolts.
The orc shoots a bolt.
The bolt hits you.
* * * LOW HITPOINT WARNING * * *
Found 8 gold pieces.
You see here a bolt.
The orc warrior hits you from afar with a halberd.
* * * LOW HITPOINT WARNING * * *
An orc warrior comes into view. It is wielding a battleaxe.
You feel less invigorated.
You feel less confused.
The orc warrior shouts!
The orc knight shoots a bolt.
The bolt hits you.
* * * LOW HITPOINT WARNING * * *
The orc warrior hits you with a halberd!
You die...

##.#.........#
...$.........# ..
#.<.........###..##
#....#......#....#.
#.................#.#
.###...................##
#.....##(...............#
........o((....$........#
.......o@o.(..$........##
#....$...$o().(...(.....#
..........o(.(.(.[)[....#
.......o..(.(.(.([[.....#
##.......(....$($((.....#
##.o...((((((.(((()<...#
#..#..$....(...())(...#
...o...........))((..(#
#............$...)(...#


You could see an orc knight, 4 orc warriors and 3 orcs.

Vanquished Creatures
  A hydra (D:11)
  3 orc knights
  2 orc sorcerers (Orc:2)
  A gargoyle (D:12)
  4 trolls
  3 hippogriffs
  A wraith (D:11)
  A spriggan (D:8)
  A wyvern (D:8)
  5 yaks
  A basilisk (D:12)
  Menkaure (Ossuary)
  3 hungry ghosts (D:12)
  A soldier ant (D:10)
  An acid dragon (D:11)
  2 two-headed ogre zombies (D:12)
  2 wargs (Orc:1)
  A porcupine (D:11)
  An ice beast (D:9)
  3 black bears (D:9)
  2 necrophages (D:11)
  2 phantoms
  16 orc warriors
  2 sky beasts
  7 centaurs
  7 ogres
  5 crocodiles
  7 bullfrogs
  A wyvern zombie (D:10)
  2 gnoll sergeants
  4 scorpions
  7 killer bees
  7 wights
  A howler monkey (D:11)
  3 crimson imps
  A quasit (D:10)
  2 bullfrog zombies
  6 hounds
  5 jellies
  3 orc priests
  2 bullfrog skeletons
  11 orc wizards
  Ijyb (D:5)
  17 worker ants
  6 ogre zombies (D:12)
  3 hound skeletons
  A hound zombie (D:7)
  3 mummies
  A worker ant zombie (D:5)
  A howler monkey skeleton (D:10)
  23 gnolls
  6 adders
  3 shadow imps
  4 oozes
  2 adder zombies
  An adder skeleton (D:9)
  5 worms
  4 dart slugs
  57 orcs
  A ball python (D:2)
  7 bats
  4 giant cockroaches
  6 goblins
  9 hobgoblins
  10 jackals
  2 quokkas
  9 frilled lizards
  2 gnoll skeletons (Ossuary)
  4 goblin skeletons (Ossuary)
  3 goblin zombies (D:12)
  3 hobgoblin skeletons (D:12)
  6 hobgoblin zombies
  9 kobolds
  3 kobold skeletons (Ossuary)
  7 kobold zombies (Ossuary)
  A leopard gecko zombie (D:7)
  4 orc skeletons
  15 orc zombies
  2 quokka skeletons
  7 rats
  A rat skeleton (Ossuary)
  A rat zombie (Ossuary)
  2 fungi (D:9)
397 creatures vanquished.

Vanquished Creatures (others)
  A mummy (Ossuary)
  A gnoll zombie (Ossuary)
  3 goblin skeletons (Ossuary)
  3 goblin zombies (Ossuary)
  4 hobgoblin skeletons (Ossuary)
  3 hobgoblin zombies (Ossuary)
  A kobold skeleton (Ossuary)
  2 kobold zombies (Ossuary)
  4 orc skeletons (Ossuary)
  2 orc zombies (Ossuary)
  A rat skeleton (Ossuary)
  2 rat zombies (Ossuary)
  3 fungi (D:9)
  A plant (D:9)
31 creatures vanquished.

Grand Total: 428 creatures vanquished

Notes
Turn   | Place    | Note
-------+----------+-------------------------------------------
     0 | D:1      | Cykl0x the Gargoyle Fighter began the quest for the Orb.
     0 | D:1      | Reached XP level 1. HP: 14/14 MP: 1/1
   100 | D:1      | Reached skill level 2 in Axes
   100 | D:1      | Reached XP level 2. HP: 18/19 MP: 2/2
   517 | D:2      | Reached XP level 3. HP: 23/23 MP: 3/3
   859 | D:2      | Noticed a bullfrog
   873 | D:2      | Reached XP level 4. HP: 6/28 MP: 4/4
   877 | D:2      | Killed a bullfrog
   877 | D:2      | Reached skill level 3 in Axes
   877 | D:2      | Reached XP level 5. HP: 6/33 MP: 5/5
  1410 | D:3      | Found a shattered altar of Ashenzari.
  1597 | D:3      | Reached XP level 6. HP: 24/38 MP: 6/6
  1608 | D:3      | Reached skill level 4 in Axes
  2715 | D:4      | Reached skill level 5 in Axes
  2715 | D:4      | Reached skill level 5 in Shields
  2715 | D:4      | Reached XP level 7. HP: 27/43 MP: 7/7
  3385 | D:4      | Gained mutation: You have sharp toenails. [potion of
                  | mutation]
  3385 | D:4      | Gained mutation: You occasionally shout uncontrollably at
                  | your foes. [potion of mutation]
  3385 | D:4      | Lost mutation: You occasionally shout uncontrollably at
                  | your foes. [potion of mutation]
  3385 | D:4      | Gained mutation: Your muscles are strong. (Str +2) [potion
                  | of mutation]
  3443 | D:5      | Entered Level 5 of the Dungeon
  3509 | D:5      | Found Fyisk's Weapon Boutique.
  3561 | D:5      | Reached skill level 6 in Axes
  3589 | D:5      | Reached XP level 8. HP: 48/48 MP: 8/8
  3693 | D:5      | Noticed Ijyb
  3703 | D:5      | Killed Ijyb
  3975 | D:5      | Found a staircase to the Ecumenical Temple.
  3996 | Temple   | Entered the Ecumenical Temple
  4158 | Temple   | Became a worshipper of Warmaster Okawaru
  4190 | D:5      | Reached skill level 5 in Armour
  4776 | D:6      | Reached skill level 7 in Axes
  5185 | D:7      | Reached skill level 1 in Dodging
  5205 | D:7      | Found a sand-covered staircase.
  5212 | Ossuary  | Entered an ossuary
  5426 | Ossuary  | Noticed Menkaure
  5432 | Ossuary  | Killed Menkaure
  5432 | Ossuary  | Reached skill level 1 in Throwing
  5702 | D:7      | Reached * piety under Okawaru
  5721 | D:7      | Reached skill level 5 in Fighting
  5721 | D:7      | Reached XP level 9. HP: 45/54 MP: 9/9
  5724 | D:7      | Noticed a troll
  5730 | D:7      | Killed a troll
  5736 | D:7      | Reached skill level 8 in Axes
  5999 | D:7      | Reached ** piety under Okawaru
  6487 | D:8      | Found Giemyuqa's Gadget Emporium.
  6753 | D:9      | Reached skill level 9 in Axes
  6755 | D:9      | Reached *** piety under Okawaru
  6755 | D:9      | Reached XP level 10. HP: 60/60 MP: 10/10
  6788 | D:9      | Found a sacrificial altar of Ru.
  6823 | D:9      | Reached skill level 1 in Stealth
  6921 | D:9      | Found a staircase to the Lair.
  6997 | D:9      | Found a snail-covered altar of Cheibriados.
  7187 | D:9      | Reached **** piety under Okawaru
  7507 | D:10     | Entered Level 10 of the Dungeon
  7873 | D:10     | Reached skill level 10 in Axes
  8232 | D:11     | Noticed an eight-headed hydra
  8261 | D:11     | Reached ***** piety under Okawaru
  8409 | D:11     | Reached XP level 11. HP: 38/66 MP: 11/11
  8781 | D:11     | Killed a 12-headed hydra
  8781 | D:11     | Reached skill level 11 in Axes
  8885 | D:11     | Found a gateway to a bazaar.
  8894 | Bazaar   | Entered a bazaar
  8908 | Bazaar   | Found Teuwus's Assorted Antiques.
  8913 | Bazaar   | Bought a faintly glowing plate armour for 448 gold pieces
  8923 | Bazaar   | Identified the +1 plate armour of Jexzadd {Str+2 Slay+2}
                  | (You bought it in a shop in a bazaar)
  8934 | Bazaar   | Found Heesie's Armour Shoppe.
  8934 | Bazaar   | Found Istresk's Antique Weapon Emporium.
  8950 | Bazaar   | Found Porch's Book Shoppe.
  8950 | Bazaar   | Found Jacoj's Book Emporium.
  9030 | D:12     | Found a burning altar of Makhleb.
  9074 | D:12     | Found Ungek's Armour Boutique.
  9299 | D:12     | Found a staircase to the Orcish Mines.
  9847 | Orc:1    | Entered Level 1 of the Orcish Mines
  9847 | Orc:1    | Noticed an orc knight
  9858 | Orc:1    | Killed an orc knight
  9861 | Orc:1    | Received a gift from Okawaru
 10087 | Orc:2    | Entered Level 2 of the Orcish Mines
 10087 | Orc:2    | Noticed an orc sorcerer
 10088 | Orc:2    | Paralysed by an orc sorcerer for 2 turns
 10096 | Orc:2    | Killed an orc sorcerer
 10096 | Orc:2    | Noticed an orc sorcerer
 10100 | Orc:2    | Reached skill level 10 in Shields
 10105 | Orc:2    | Killed an orc sorcerer
 10121 | Orc:2    | Noticed an orc knight
 10153 | Orc:1    | Killed an orc knight
 10367 | Orc:1    | Reached skill level 12 in Axes
 10367 | Orc:1    | Reached XP level 12. HP: 51/73 MP: 9/12
 10525 | Orc:2    | Mangled by an orc warrior

Skill      XL: |  1  2  3  4  5  6  7  8  9 10 11 12 |
---------------+-------------------------------------+-----
Axes           | 2 3 5 6 7 9 10 12 | 12.2
Shields        | 4 5 6 7 8 10 | 10.7
Armour         | 4 5 6 7 |  7.0
Fighting       | 4 5 6 8 |  8.2
Dodging        | 1 2 |  2.1
Throwing       | 1 2 3 4 |  4.0
Stealth        | 1 |  1.5
Invocations    | |  0.2
Evocations     | |  0.3

Action                   |  1- 3 |  4- 6 |  7- 9 | 10-12 || total
-------------------------+-------+-------+-------+-------++-------
Melee: War axe           |   109 |   143 |   332 |   402 ||   986
       Kick              |       |       |    67 |   129 ||   196
Throw: Stone             |    10 |       |       |       ||    10
       Tomahawk          |       |    13 |    23 |    27 ||    63
Invok: Heroism           |       |       |       |     3 ||     3
Evoke: Wand              |       |       |       |     4 ||     4
  Use: Scroll            |     5 |     1 |    13 |    14 ||    33
       Potion            |     1 |       |     2 |     6 ||     9
  Eat: Chunk             |       |     5 |     4 |     8 ||    17
       Ration            |       |     1 |     2 |     2 ||     5
Armor: Scale mail        |    35 |       |       |       ||    35
       Chain mail        |    40 |   118 |   149 |       ||   307
       Plate armour      |       |       |    12 |   250 ||   262
Dodge: Dodged            |    33 |    39 |    55 |   109 ||   236
Block: Shield            |    77 |   106 |   200 |   343 ||   726
